[Event "Late-Titled-Tuesday-Blitz-February-20-2024"]
[Site "Chess.com"]
[Date "2024.02.20"]
[Round "6"]
[White "Atanejhad"]
[Black "ritanovikova"]
[Result "1-0"]
[WhiteElo "2436"]
[BlackElo "2218"]
[TimeControl "180+1"]
[EndTime "15:03:27 PST"]
[Termination "Atanejhad won on time"]

1. d4 g6 2. c3 Bg7 3. e4 c5 4.
Be3 cxd4 5. cxd4 Qb6 6. Qd2 Nf6 7.
f3 d5 8. e5 Ng8 9. Nc3 Be6 10.
Nge2 h5 11. Nf4 Qd8 12. Nxe6 fxe6 13. Bd3 Kf7 14. Qc2 Bh6 15. Bxg6+ Kg7 16. Bxh5 1-0

[Event "Late-Titled-Tuesday-Blitz-February-20-2024"]
[Site "Chess.com"]
[Date "2024.02.20"]
[Round "6"]
[White "Zq1"]
[Black "BebeBonito2022"]
[Result "1-0"]
[WhiteElo "2489"]
[BlackElo "2302"]
[TimeControl "180+1"]
[EndTime "15:03:28 PST"]
[Termination "Zq1 won by resignation"]

1. d4 Nf6 2. c4 e6 3. Nf3 d5 4.
Nc3 Bb4 5. e3 O-O 6. Bd3 dxc4 7.
Bxc4 c5 8. O-O cxd4 9. exd4 b6 10. Bg5 Bb7 11. Qe2 Bxc3 12. bxc3 Nbd7 13. Bb3 Qc7 14. Rac1 Rfe8 15. Bh4 Rac8 16. Rfe1 Nd5 17. Bg3 Qc6 18. c4 N5f6 19. h3 a5 20. Qd1 Ne4 21. Ba4 1-0

[Event "Late-Titled-Tuesday-Blitz-February-20-2024"]
[Site "Chess.com"]
[Date "2024.02.20"]
[Round "6"]
[White "DanielNaroditsky"]
[Black "Gentlejimmy7"]
[Result "1-0"]
[WhiteElo "3095"]
[BlackElo "2571"]
[TimeControl "180+1"]
[EndTime "15:03:34 PST"]
[Termination "DanielNaroditsky won by resignation"]

1. e4 c6 2. d4 d5 3. exd5 cxd5 4. Nf3 Nc6 5. Bb5 Nf6 6. c4 e6 7. Nc3 Be7 8. Ne5 Bd7 9. Nxd7 Qxd7 10. O-O O-O 11.
c5 Qc7 12. Re1 b6 13. Bxc6 Qxc6 14. b4 bxc5 15. bxc5 Ne4 16. Nxe4 dxe4 17. Qc2 f5 18. Rb1 Bf6 19. Rd1 Rfd8 20. Be3 Rab8 21. Rxb8 Rxb8 22. g3 Kf7 23. Qc4 Qd5 24. Qa4 Rb2 25. Qxa7+ Kg6 26. h4 e5 27. c6 Rxa2 28. Qb8 Rc2 29. Qe8+ Qf7 30. h5+ 1-0

[Event "Late-Titled-Tuesday-Blitz-February-20-2024"]
[Site "Chess.com"]
[Date "2024.02.20"]
[Round "6"]
[White "OPQRC"]
[Black "Hui_Li_Macau"]
[Result "1/2-1/2"]
[WhiteElo "2506"]
[BlackElo "2348"]
[TimeControl "180+1"]
[EndTime "15:03:34 PST"]
[Termination "Game drawn by repetition"]

1. e4 e5 2. Nf3 Nf6 3. Nc3 Nc6 4. d4 exd4 5. Nxd4 Bb4 6. Nxc6 bxc6 7. Bd3 O-O 8. O-O d5 9. exd5 cxd5 10. Bg5 c6 11. h3 Bd6 12. Qf3 h6 13. Bh4 Rb8 14. b3 Be5 15. Bg3 Bxc3 16. Bxb8 Bxa1 17. Rxa1 Bg4 18. hxg4 Qxb8 19. g3 Qe5 20. Rd1 Re8 21. Kg2 Qg5 22.
Bf5 g6 23. Bd3 Qxg4 24. Qxf6 Qxd1 25. Bxg6 fxg6 26. Qxg6+ Kf8 27. Qf6+ Kg8 28. Qg6+ Kf8 29. Qf6+ Kg8 30. Qg6+ 1/2-1/2

[Event "Late-Titled-Tuesday-Blitz-February-20-2024"]
[Site "Chess.com"]
[Date "2024.02.20"]
[Round "6"]
[White "rachidhuilda"]
[Black "scandalgod"]
[Result "0-1"]
[WhiteElo "2348"]
[BlackElo "2488"]
[TimeControl "180+1"]
[EndTime "15:03:35 PST"]
[Termination "scandalgod won by resignation"]

1. d4 d5 2. Nf3 Nf6 3. e3 c6 4. Bd3 Bg4 5. Nbd2 Nbd7 6. c4 e6 7. O-O Bd6 8. b3 O-O 9. Bb2 Qe7 10. Qc2 Bh5 11. Ne5 Bg6 12. f4 a5 13. Rf3 a4 14.
Raf1 axb3 15. axb3 Ra2 16. Nxg6 hxg6 17. Rh3 Rfa8 18.
Qc1 Ba3 19. Bxa3 Qxa3 20. Qe1 Qb2 21. Nb1 0-1

[Event "Late-Titled-Tuesday-Blitz-February-20-2024"]
[Site "Chess.com"]
[Date "2024.02.20"]
[Round "6"]
[White "djano"]
[Black "ural58"]
[Result "1-0"]
[WhiteElo "2655"]
[BlackElo "2493"]
[TimeControl "180+1"]
[EndTime "15:03:36 PST"]
[Termination "djano won by resignation"]

1. Nc3 d5 2. e4 d4 3. Nce2 c5 4.
Nf3 Qa5 5. b4 Qxb4 6. c3 Qa5 7.
cxd4 Bg4 8. d5 Bxf3 9. gxf3 Nf6 10. Nc3 g6 11. e5 Nh5 12. Bb5+ Kd8 13. Bb2 a6 14.
Bc4 Nd7 15. Ne4 Bg7 16. Bc3 Qc7 17. d6 exd6 18. exd6 Qc6 19. O-O Re8 20. Bxf7 Rxe4 21. fxe4 Qxe4 22. Re1 1-0

[Event "Late-Titled-Tuesday-Blitz-February-20-2024"]
[Site "Chess.com"]
[Date "2024.02.20"]
[Round "6"]
[White "mjelcic"]
[Black "SharathRk6"]
[Result "0-1"]
[WhiteElo "2232"]
[BlackElo "2399"]
[TimeControl "180+1"]
[EndTime "15:03:40 PST"]
[Termination "SharathRk6 won by resignation"]

1. d4 Nf6 2. c4 e5 3. d5 d6 4. Nc3 Be7 5. e4 O-O 6. h3 Nbd7 7. Bd3 Nc5 8. Bc2 a5 9. b3 c6 10. Nf3 Bd7 11. Bg5 h6 12. Bxf6 Bxf6 13. O-O Be7 14.
a3 f5 15. exf5 Bxf5 16. Bxf5 Rxf5 17. b4 axb4 18. axb4 Rxa1 19. Qxa1 Nd3 20. Qb1 Rxf3 21. gxf3 Nf4 22. Kh2 Qd7 0-1

[Event "Late-Titled-Tuesday-Blitz-February-20-2024"]
[Site "Chess.com"]
[Date "2024.02.20"]
[Round "6"]
[White "Sicupira"]
[Black "NtcPou"]
[Result "1-0"]
[WhiteElo "2291"]
[BlackElo "2013"]
[TimeControl "180+1"]
[EndTime "15:03:43 PST"]
[Termination "Sicupira won by resignation"]

1. e4 c6 2. d4 d5 3. exd5 cxd5 4.
c4 Nf6 5. Nc3 Nc6 6. Bg5 h6 7.
Bxf6 gxf6 8. cxd5 Nb8 9. Nf3 Bg4 10. Qa4+ Nd7 11. Be2 Bg7 12. h3 Bh5 13. O-O O-O 14.
Rfe1 Nb6 15. Qb3 Rc8 16. a4 a5 17. Qb5 f5 18. Rad1 Nd7 19. Ne5 Bxe2 20. Rxe2 Nf6 21. Qxb7 Ne4 22. Nxe4 fxe4 23. Nc6 Qd6 24. Nxe7+ Kh8 25.
Nxc8 1-0

[Event "Late-Titled-Tuesday-Blitz-February-20-2024"]
[Site "Chess.com"]
[Date "2024.02.20"]
[Round "6"]
[White "PawnEatingZombie"]
[Black "ImportedItalianMaple"]
[Result "0-1"]
[WhiteElo "2208"]
[BlackElo "2504"]
[TimeControl "180+1"]
[EndTime "15:03:57 PST"]
[Termination "ImportedItalianMaple won by resignation"]

1. e4 g6 2. d4 Bg7 3. c3 c6 4.
Bd3 d5 5. Nd2 dxe4 6. Nxe4 Nf6 7.
Nxf6+ exf6 8. Nf3 O-O 9. O-O a5 10. a4 Na6 11. h3 Nc7 12. Re1 Nd5 13. Bd2 Be6 14. Bf1 Qd6 15. Qc1 Rfe8 16. Bh6 Re7 17. Bxg7 Rae8 18. Bh6 g5 19. Bxg5 fxg5 20. Nxg5 Bf5 21.
Rxe7 Rxe7 22. Nf3 Bg6 23. Qd2 Kg7 24. Re1 Rxe1 25. Qxe1 Bc2 26. Nh4 Qf6 27. Qe5 Qxe5 28. dxe5 Nb6 29. g3 Nxa4 30. f4 Nxb2 31. c4 a4 0-1

[Event "Late-Titled-Tuesday-Blitz-February-20-2024"]
[Site "Chess.com"]
[Date "2024.02.20"]
[Round "6"]
[White "Slovineanu"]
[Black "Jadro9"]
[Result "0-1"]
[WhiteElo "2447"]
[BlackElo "2635"]
[TimeControl "180+1"]
[EndTime "15:04:02 PST"]
[Termination "Jadro9 won by resignation"]

1. d4 d6 2. e4 Nf6 3. Nc3 Nbd7 4. Nf3 e5 5. Bc4 Be7 6. O-O O-O 7. h3 h6 8. Re1 Re8 9. a4 Bf8 10. a5 c6 11. Be3 Nxe4 12. Nxe4 d5 13. Nxe5 dxc4 14. a6 bxa6 15. Qf3 Nxe5 16. dxe5 Rxe5 17. Rad1 Rd5 18. Nc3 Rxd1 19. Rxd1 Qe8 20. Qg3 Kh8 21. Rd4 Be6 22. Rh4 Rd8 23. Bd4 Kh7 24. Bxa7 Bf5 25. Qf4 Qe1+ 0-1

[Event "Late-Titled-Tuesday-Blitz-February-20-2024"]
[Site "Chess.com"]
[Date "2024.02.20"]
[Round "6"]
[White "Agentxya"]
[Black "PNEPaul"]
[Result "1-0"]
[WhiteElo "2225"]
[BlackElo "1976"]
[TimeControl "180+1"]
[EndTime "15:04:05 PST"]
[Termination "Agentxya won by resignation"]

1. e4 e5 2. Nf3 Nc6 3. Bb5 f5 4. d3 Nf6 5. Nc3 Be7 6. O-O O-O 7. Bxc6 dxc6 8. Nxe5 Bd6 9. Nf3 fxe4 10. dxe4 Bg4 11.
h3 Bxf3 12. Qxf3 Nd5 13. Qd3 Nf4 14. Bxf4 Bxf4 15. Qxd8 Raxd8 16. Rad1 Be5 17. g3 Bxc3 18. bxc3 Rfe8 19. f3 Kf7 20. Kf2 Ke6 21. Ke3 b6 22. Rd3 Rb8 23. Rfd1 Re7 24. f4 a5 25. e5 b5 26. Ke4 g6 27. g4 b4 28. f5+ gxf5+ 29. gxf5+ Kf7 30. c4 a4 31. Rd7 b3 32.
e6+ Ke8 33. Rxe7+ Kxe7 34. cxb3 axb3 35. axb3 Rxb3 36. Rd7+ Ke8 37. Rxh7 Rb1 38. Ke5 Re1+ 39. Kf6 1-0

[Event "Late-Titled-Tuesday-Blitz-February-20-2024"]
[Site "Chess.com"]
[Date "2024.02.20"]
[Round "6"]
[White "DraningWaterHi"]
[Black "Mikhal867"]
[Result "0-1"]
[WhiteElo "2243"]
[BlackElo "2435"]
[TimeControl "180+1"]
[EndTime "15:04:14 PST"]
[Termination "Mikhal867 won by checkmate"]

1. d4 Nf6 2. c4 g6 3. g3 Bg7 4.
Bg2 O-O 5. Nc3 d6 6. Nf3 Nbd7 7.
O-O e5 8. e4 c6 9. Re1 Qb6 10.
h3 Qb4 11. Bf1 exd4 12. Nxd4 Re8 13. Nc2 Qa5 14. Qxd6 Ne5 15. Kg2 Rd8 16. Qa3 Qxa3 17. Nxa3 Be6 18. f4 Nd3 19. Bxd3 Rxd3 20. Be3 Rxc3 21.
bxc3 Nxe4 22. Rab1 b6 23. Bd4 Nxc3 24. Bxc3 Bxc3 25. Rb3 Bxe1 26. Re3 Bb4 27. Nc2 Bc5 28. Rd3 Bf5 29. Rc3 Bxc2 30. Rxc2 Rd8 31. Re2 Rd3 32. Re8+ Kg7 33. Ra8 Ra3 34. h4 h5 35. Kh3 Bf2 36. f5 gxf5 37. Kh2 Rxa2 38. c5 Bxc5+ 39. Kh1 b5 40. g4 hxg4 41. h5 g3 42. h6+ Kh7 43.
Rg8 Rh2# 0-1

[Event "Late-Titled-Tuesday-Blitz-February-20-2024"]
[Site "Chess.com"]
[Date "2024.02.20"]
[Round "6"]
[White "vanyakuba"]
[Black "CarlosjPineror"]
[Result "0-1"]
[WhiteElo "2388"]
[BlackElo "2572"]
[TimeControl "180+1"]
[EndTime "15:04:16 PST"]
[Termination "CarlosjPineror won on time"]

1. e4 c5 2. c3 e6 3. d4 Nf6 4. e5 Nd5 5. f4 cxd4 6. cxd4 Bb4+ 7. Bd2 Qb6 8. Nf3 Nxf4 9. Nc3 Ng6 10. Nb5 Bxd2+ 11.
Nxd2 O-O 12. Qb3 a6 13. Nd6 Qxd4 14. Nf3 Qc5 15. Nc4 b5 16. Ne3 Nxe5 17. Nxe5 Qxe5 18.
Be2 Nc6 19. Bf3 Nd4 20. Qd3 Nxf3+ 21. gxf3 Bb7 22. Kf2 d5 23. Rab1 Rac8 24. Ng4 Qf5 25. Qe3 d4 26. Qxd4 Rfd8 27. Qe3 h5 28. Ne5 h4 0-1

[Event "Late-Titled-Tuesday-Blitz-February-20-2024"]
[Site "Chess.com"]
[Date "2024.02.20"]
[Round "6"]
[White "Fluffey"]
[Black "Yushko_Olga"]
[Result "0-1"]
[WhiteElo "2341"]
[BlackElo "2225"]
[TimeControl "180+1"]
[EndTime "15:04:16 PST"]
[Termination "Yushko_Olga won by checkmate"]

1. d4 e6 2. Bf4 Nf6 3. e3 d5 4. Nf3 c5 5. Nbd2 Nc6 6. c3 Bd6 7. Bg3 O-O 8. Bd3 cxd4 9. exd4 Re8 10. O-O e5 11. dxe5 Nxe5 12. Nxe5 Bxe5 13. Bxe5 Rxe5 14. Nf3 Re8 15. Nd4 Bg4 16. Qb3 Qc7 17. h3 Bh5 18. Rfe1 Rad8 19. a4 Ne4 20. Bxe4 dxe4 21. Re3 Bg6 22.
Rae1 Kh8 23. g3 f5 24. Ne6 Qf7 25. Nd4 Qc7 26. Ne2 Bf7 27. Qa3 g5 28. h4 f4 29.
gxf4 gxf4 30. Rh3 Rg8+ 31. Kh1 Be6 32. Rh2 Bg4 33. Ng1 Qc6 34. Qb4 e3+ 35. f3 Bxf3+ 36. Nxf3 Qxf3+ 37. Rg2 Qxg2# 0-1

[Event "Late-Titled-Tuesday-Blitz-February-20-2024"]
[Site "Chess.com"]
[Date "2024.02.20"]
[Round "6"]
[White "MagnusCarlsen"]
[Black "dennisodessa"]
[Result "1-0"]
[WhiteElo "3325"]
[BlackElo "2575"]
[TimeControl "180+1"]
[EndTime "15:04:17 PST"]
[Termination "MagnusCarlsen won on time"]

1. e4 e6 2. Nf3 d5 3. Nc3 Nf6 4. Qe2 dxe4 5. Nxe4 Nbd7 6. g3 Nxe4 7. Qxe4 Nf6 8. Qe2 b6 9. Bg2 Bb7 10. O-O Be7 11. d4 O-O 12. Rd1 Qc8 13. c4 c5 14. d5 Re8 15. dxe6 Qxe6 16. Qxe6 fxe6 17.
Ne5 Bxg2 18. Kxg2 Rad8 19. Bf4 Kf8 20. Nc6 Rxd1 21. Rxd1 Rc8 22. Nxa7 Ra8 23. Nc6 Rxa2 24.
Be5 Ra4 25. b3 Ra3 26. Rd3 Ke8 27. Nxe7 Kxe7 28. Bd6+ Ke8 29. Kf3 Nd7 30. g4 Kf7 31. h4 e5 32. Bc7 Ke6 33. g5 g6 34. Ke4 Ra2 35. Rd6+ Ke7 36. Kd5 Rd2+ 37. Kc6 Rxd6+ 38. Bxd6+ Ke6 39. f3 1-0

[Event "Late-Titled-Tuesday-Blitz-February-20-2024"]
[Site "Chess.com"]
[Date "2024.02.20"]
[Round "6"]
[White "Pachonpower"]
[Black "shirovin"]
[Result "1-0"]
[WhiteElo "2320"]
[BlackElo "2093"]
[TimeControl "180+1"]
[EndTime "15:04:19 PST"]
[Termination "Pachonpower won on time"]

1. e4 c5 2. d4 cxd4 3. c3 dxc3 4. Nxc3 Nc6 5. Nf3 e6 6. Bc4 Qc7 7. O-O Nf6 8. Re1 Ng4 9. Nd5 Qb8 10. Bf4 Bd6 11.
Bxd6 Qxd6 12. Nf6+ Ke7 13. Qxd6+ Kxd6 14. Nxg4 h5 15.
Rad1+ Ke7 16. Nge5 d6 17. Nxc6+ bxc6 18. Rd2 Rd8 19. Bb3 Kf8 20. e5 d5 21. Nd4 c5 22.
Nb5 Bd7 23. Nd6 a5 24. Bd1 a4 25. Bxh5 g6 26. Bd1 Ke7 27. h3 f6 28. f4 g5 29. Nb7 Rg8 30. exf6+ Kxf6 31. fxg5+ Rxg5 32. Nxc5 Bc8 33. Bf3 Ra5 34. b4 axb3 35. Nxb3 Ra4 36. Kf2 Ba6 37. Nc5 Ra5 38. Rxe6+ 1-0

[Event "Late-Titled-Tuesday-Blitz-February-20-2024"]
[Site "Chess.com"]
[Date "2024.02.20"]
[Round "6"]
[White "SHIVACalypso"]
[Black "Ajedrez_con_German"]
[Result "1-0"]
[WhiteElo "2513"]
[BlackElo "2633"]
[TimeControl "180+1"]
[EndTime "15:04:22 PST"]
[Termination "SHIVACalypso won by resignation"]

1. d4 g6 2. Nf3 Bg7 3. g3 d5 4. Bg2 c6 5. O-O Nf6 6. c3 O-O 7. Nbd2 Bf5 8. Re1 Ne4 9. Nh4 Nxd2 10. Nxf5 gxf5 11. Bxd2 e6 12. Qc1 Nd7 13. f3 Nf6 14.
Bg5 Qd7 15. Bxf6 Bxf6 16. e4 fxe4 17. fxe4 Bg7 18. e5 f6 19. exf6 Rxf6 20. Bh3 Qd6 21. Qg5 Re8 22. Re2 Rg6 23. Qh5 c5 24. Bf5 cxd4 25.
Bxg6 hxg6 26. Qxg6 Re7 27. cxd4 Qb4 28. Rxe6 Qxd4+ 29. Kh1 Rf7 30. Re8+ Rf8 31. Rxf8+ Kxf8 32. Rf1+ Kg8 33.
Qe6+ Kh7 34. Rf4 Qd1+ 35. Kg2 Qe2+ 36. Qxe2 1-0

[Event "Late-Titled-Tuesday-Blitz-February-20-2024"]
[Site "Chess.com"]
[Date "2024.02.20"]
[Round "6"]
[White "McCarthyStone"]
[Black "yuriydovzik"]
[Result "1-0"]
[WhiteElo "2365"]
[BlackElo "2156"]
[TimeControl "180+1"]
[EndTime "15:04:23 PST"]
[Termination "McCarthyStone won by resignation"]

1. b3 a5 2. Bb2 a4 3. bxa4 Rxa4 4. Nf3 b6 5. g3 Bb7 6. Bg2 Nf6 7. d3 e6 8. O-O Be7 9. e4 Ra7 10. Re1 O-O 11. Nbd2 Ba3 12. Bxa3 Rxa3 13. Nc4 Ra7 14. h4 d5 15. exd5 Nxd5 16. Qd2 Nd7 17. h5 Qf6 18. a3 Rfa8 19. Rab1 c6 20. Nd6 b5 21. c4 Nc7 22. Ne4 Qe7 23. h6 Rxa3 24.
hxg7 f6 25. cxb5 cxb5 26. Nd4 Ra1 27. Rxa1 Rxa1 28. Rxa1 1-0

[Event "Late-Titled-Tuesday-Blitz-February-20-2024"]
[Site "Chess.com"]
[Date "2024.02.20"]
[Round "6"]
[White "kleopl"]
[Black "Franmu14"]
[Result "1/2-1/2"]
[WhiteElo "2512"]
[BlackElo "2674"]
[TimeControl "180+1"]
[EndTime "15:04:25 PST"]
[Termination "Game drawn by repetition"]

1. e4 e5 2. Nf3 Nc6 3. c3 Nf6 4. d4 exd4 5. e5 Nd5 6. cxd4 Bb4+ 7. Bd2 Bxd2+ 8. Qxd2 O-O 9. Nc3 Nxc3 10. bxc3 d5 11. Bd3 f6 12. O-O fxe5 13. Nxe5 Nxe5 14. dxe5 Bf5 15.
Bxf5 Rxf5 16. f4 c6 17. Rab1 b5 18. Kh1 Qh4 19. g3 Qh3 20. Qg2 Qxg2+ 21. Kxg2 g5 22. a4 a6 23. Rb4 gxf4 24. gxf4 Kf7 25. Ra1 Rg8+ 26. Kf3 Rh5 27. axb5 Rh3+ 28. Kf2 axb5 29. f5 Rxh2+ 30. Kf3 Rh3+ 31. Kf4 Rh4+ 32. Kf3 Rh3+ 33. Kf4 Rh4+ 34. Kf3 Rh3+ 1/2-1/2

[Event "Late-Titled-Tuesday-Blitz-February-20-2024"]
[Site "Chess.com"]
[Date "2024.02.20"]
[Round "6"]
[White "WPWPWP-2015"]
[Black "jinxy2009"]
[Result "1-0"]
[WhiteElo "2422"]
[BlackElo "2194"]
[TimeControl "180+1"]
[EndTime "15:04:27 PST"]
[Termination "WPWPWP-2015 won by resignation"]

1. e4 c6 2. d4 d5 3. Nc3 dxe4 4. Nxe4 Nf6 5. Nxf6+ exf6 6. Be3 Bd6 7. Bd3 O-O 8. Qh5 g6 9. Qh6 Re8 10. O-O-O Bf8 11.
Qh4 Be6 12. Kb1 Nd7 13. c4 Qa5 14. Ne2 Nb6 15. Rc1 c5 16. d5 Bd7 17. Qxf6 Bg7 18. Qd6 Qb4 19. Rc2 Na4 20. b3 Rad8 21.
Bd2 Qa3 22. Qc7 Rxe2 23. Qxd8+ Re8 24. Qxd7 1-0

[Event "Late-Titled-Tuesday-Blitz-February-20-2024"]
[Site "Chess.com"]
[Date "2024.02.20"]
[Round "6"]
[White "platy3"]
[Black "slavenok"]
[Result "1-0"]
[WhiteElo "2953"]
[BlackElo "2752"]
[TimeControl "180+1"]
[EndTime "15:04:30 PST"]
[Termination "platy3 won by resignation"]

1. e4 c5 2. Nf3 a6 3. g3 e6 4. Bg2 d5 5. Nc3 dxe4 6. Nxe4 Nc6 7. O-O Be7 8. d3 Nf6 9. Qe2 O-O 10. Bf4 Nd5 11. Bd2 Rb8 12. h4 b5 13. a4 b4 14. h5 Bb7 15. h6 g6 16. c3 a5 17.
Rad1 Nf6 18. Bf4 Rc8 19. Ne5 Nxe5 20. Nxf6+ Bxf6 21. Bxb7 Rb8 22. d4 cxd4 23. cxd4 Nd7 24. Bxb8 Qxb8 25. Bf3 Nb6 26. Qb5 Qa7 27. d5 e5 28. d6 Rd8 29. Rc1 e4 30. Bxe4 Bxb2 31. Rc7 Qb8 32. Rb7 Qxd6 33. Qxb6 Qd2 34. Rb8 1-0

[Event "Late-Titled-Tuesday-Blitz-February-20-2024"]
[Site "Chess.com"]
[Date "2024.02.20"]
[Round "6"]
[White "Zavgorodniy_Sergiy"]
[Black "cthulhuuu"]
[Result "1-0"]
[WhiteElo "2628"]
[BlackElo "2429"]
[TimeControl "180+1"]
[EndTime "15:04:31 PST"]
[Termination "Zavgorodniy_Sergiy won on time"]

1. e4 d6 2. d4 Nf6 3. f3 e5 4. c3 Be7 5. Be3 O-O 6. Bc4 c6 7.
Bb3 b5 8. Ne2 a5 9. a4 b4 10.
Nd2 Ba6 11. Nc4 exd4 12. cxd4 d5 13. exd5 Nxd5 14. Bf2 Bg5 15. O-O Bxc4 16. Bxc4 Ne3 17. Bxe3 Bxe3+ 18. Kh1 Nd7 19. Qd3 Re8 20. Rad1 Nb6 21.
Bb3 Nd5 22. Ng3 g6 23. Ne4 f5 24.
Nc5 Qh4 25. g3 Qf6 26. Rfe1 Bf2 27. Rf1 Be3 28. f4 Kh8 29. Rf3 Qe7 30. Bxd5 cxd5 31. Re1 Rac8 32. Rfxe3 1-0

[Event "Late-Titled-Tuesday-Blitz-February-20-2024"]
[Site "Chess.com"]
[Date "2024.02.20"]
[Round "6"]
[White "SRob2003"]
[Black "janhelmer03"]
[Result "1-0"]
[WhiteElo "2659"]
[BlackElo "2283"]
[TimeControl "180+1"]
[EndTime "15:04:35 PST"]
[Termination "SRob2003 won on time"]

1. e4 c5 2. Nf3 d6 3. d4 cxd4 4. Nxd4 Nf6 5. Nc3 g6 6. Be3 Bg7 7. f3 O-O 8. Qd2 Nc6 9. O-O-O d5 10. exd5 Nxd5 11. Nxc6 bxc6 12. Bd4 e5 13. Bc5 Re8 14.
Ne4 Qc7 15. h4 f5 16. Nd6 Rd8 17. Nxc8 Raxc8 18. h5 e4 19. hxg6 hxg6 20. Bc4 Qe5 21. c3 Rb8 22. Bd4 Qe7 23. fxe4 fxe4 24. Bxg7 Qxg7 25.
Qg5 e3 26. Rxd5 cxd5 27. Bxd5+ Rxd5 28. Qxd5+ Qf7 29. Rh8+ 1-0

[Event "Late-Titled-Tuesday-Blitz-February-20-2024"]
[Site "Chess.com"]
[Date "2024.02.20"]
[Round "6"]
[White "harkow"]
[Black "ACollins05"]
[Result "0-1"]
[WhiteElo "2426"]
[BlackElo "2590"]
[TimeControl "180+1"]
[EndTime "15:04:36 PST"]
[Termination "ACollins05 won on time"]

1. d4 d5 2. c4 e6 3. Nf3 Nf6 4. Nc3 Be7 5. cxd5 exd5 6. Bg5 c6 7. e3 Bf5 8. Be2 O-O 9. O-O Nbd7 10. a3 a5 11. Rc1 Re8 12. h3 Ne4 13. Bf4 Bd6 14.
Bxd6 Nxd6 15. b4 axb4 16. axb4 b5 17. Bd3 Bxd3 18. Qxd3 Nc4 19. Ne2 Qe7 20. Rb1 Ra4 21. Qb3 Ra3 22. Qc2 Rea8 23. Nf4 R8a4 24. Nd3 Ra2 25. Qc1 R4a3 26. Rd1 Qe4 27. Nc5 Nxc5 28.
dxc5 Rc2 29. Qxa3 Nxa3 30. Rd4 Nxb1 0-1

[Event "Late-Titled-Tuesday-Blitz-February-20-2024"]
[Site "Chess.com"]
[Date "2024.02.20"]
[Round "6"]
[White "Mesa_1"]
[Black "OverallStranger"]
[Result "1-0"]
[WhiteElo "2554"]
[BlackElo "2358"]
[TimeControl "180+1"]
[EndTime "15:04:37 PST"]
[Termination "Mesa_1 won by resignation"]

1. d4 e6 2. c4 f5 3. Nf3 Nf6 4. Nc3 c6 5. Bf4 d5 6. e3 Be7 7.
Bd3 O-O 8. O-O Qe8 9. Rc1 h6 10. Qc2 g5 11. Bg3 Qh5 12. Ne5 Nbd7 13. cxd5 cxd5 14.
Nb5 Nxe5 15. dxe5 Nd7 16. Nc7 Rb8 17. Nxe6 f4 18. exf4 gxf4 19. Nxf4 Qe8 20. Bh7+ Kg7 21. Ne6+ Kh8 22. Nxf8 Nxf8 23. e6 Nxh7 24. Bxb8 Bxe6 25. Rfe1 Ng5 26. h4 Ne4 27. Rxe4 dxe4 28. Qxe4 Bc5 29.
Rxc5 Qf8 30. Be5+ Kg8 31. Qg6+ 1-0

[Event "Late-Titled-Tuesday-Blitz-February-20-2024"]
[Site "Chess.com"]
[Date "2024.02.20"]
[Round "6"]
[White "dretch"]
[Black "adiosabu"]
[Result "1-0"]
[WhiteElo "2877"]
[BlackElo "2565"]
[TimeControl "180+1"]
[EndTime "15:04:40 PST"]
[Termination "dretch won by resignation"]

1. d4 Nf6 2. c4 d6 3. Nf3 Nbd7 4.
Nc3 e5 5. e4 Be7 6. Be2 O-O 7.
O-O c6 8. Qc2 a6 9. Rd1 Qc7 10.
Rb1 b5 11. b4 Re8 12. Bb2 a5 13. a3 axb4 14. axb4 bxc4 15. Bxc4 d5 16. Bb3 exd4 17. Nxd5 Nxd5 18. exd5 c5 19. Bxd4 Bd6 20. Rbc1 cxd4 21. Qxc7 Bxc7 22. Rxc7 Ra3 23. Nxd4 Nb6 24. d6 Rd8 25.
Bxf7+ Kh8 26. Nc2 Ra4 27. Bb3 Ra8 28. h3 Bf5 29. Ne3 Be4 30. Rd4 Bg6 31. b5 Ra3 32. Be6 h6 33. d7 Ra1+ 34. Kh2 Ra5 35. Rc8 Nxc8 36. dxc8=Q Rxc8 37. Bxc8 Rxb5 38. Be6 1-0

[Event "Late-Titled-Tuesday-Blitz-February-20-2024"]
[Site "Chess.com"]
[Date "2024.02.20"]
[Round "6"]
[White "Bryanl106"]
[Black "Malev212"]
[Result "0-1"]
[WhiteElo "2521"]
[BlackElo "2683"]
[TimeControl "180+1"]
[EndTime "15:04:40 PST"]
[Termination "Malev212 won by resignation"]

1. e4 c5 2. Nf3 d6 3. d4 cxd4 4. Nxd4 Nf6 5. Nc3 g6 6. Be3 Bg7 7. f3 a6 8. Qd2 h5 9. O-O-O b5 10. a3 Bb7 11. h4 Nbd7 12. Rg1 Rc8 13. Kb1 Qc7 14. Nb3 Ne5 15. Nd5 Nxd5 16. exd5 Nc4 17. Bxc4 bxc4 18. Nd4 c3 19. Qe2 cxb2 20. Nb3 a5 21.
Bd4 Kf8 22. Bxg7+ Kxg7 23. Qe4 a4 24. Nd4 Qc5 25. Ne2 Qxa3 26. Qd4+ Kh7 27. Qxb2 Qc5 28. Rh1 Ba6 29. Ka1 Bxe2 30. Rde1 Qxc2 31. Qxc2 Rxc2 32. Kb1 Bd3 33. Re3 Rb8+ 34. Ka1 Rb3 0-1

[Event "Late-Titled-Tuesday-Blitz-February-20-2024"]
[Site "Chess.com"]
[Date "2024.02.20"]
[Round "6"]
[White "chessydotcom"]
[Black "pr1105"]
[Result "0-1"]
[WhiteElo "2106"]
[BlackElo "2340"]
[TimeControl "180+1"]
[EndTime "15:04:40 PST"]
[Termination "pr1105 won by resignation"]

1. e4 e5 2. Nf3 Nc6 3. Bc4 Bc5 4.
d3 Nf6 5. Nc3 a6 6. Bg5 h6 7.
Bxf6 Qxf6 8. Nd5 Qd8 9. c3 d6 10. Qd2 O-O 11. O-O Bg4 12. Ne1 Na5 13. Kh1 Be6 14.
b4 Nxc4 15. dxc4 Ba7 16. Nc2 f5 17. exf5 Rxf5 18. Rae1 Qd7 19. f4 Raf8 20. Qe2 Bxd5 21. cxd5 Rxf4 22. Rxf4 Rxf4 23. g3 Rf2 24. Qh5 Rxc2 25.
Rf1 Rf2 0-1

[Event "Late-Titled-Tuesday-Blitz-February-20-2024"]
[Site "Chess.com"]
[Date "2024.02.20"]
[Round "6"]
[White "davigator"]
[Black "Statham_01"]
[Result "0-1"]
[WhiteElo "2399"]
[BlackElo "2577"]
[TimeControl "180+1"]
[EndTime "15:04:47 PST"]
[Termination "Statham_01 won by resignation"]

1. e4 e5 2. Nf3 Nf6 3. Nxe5 Nc6 4. Nf3 Nxe4 5. d3 Nf6 6. d4 d5 7. Bd3 Bg4 8. c3 Bd6 9. O-O O-O 10. Bg5 h6 11. Bh4 Re8 12. Nbd2 Nb8 13. Qb3 Nbd7 14. Bg3 Bxg3 15. hxg3 Rb8 16. Rfe1 c6 17. Ne5 Qc7 18.
f3 Be6 19. Kf2 c5 20. Nxd7 Bxd7 21. Bf1 Nh5 22. f4 Nf6 23. Be2 Bg4 24. Bf3 b5 25.
Rxe8+ Rxe8 26. Qxb5 cxd4 27. Rc1 Qe7 28. Nf1 dxc3 29. bxc3 h5 30. Qd3 Rb8 31. Re1 Qc5+ 32. Qd4 Rb2+ 33. Re2 Ne4+ 34. Bxe4 Rxe2+ 35. Kg1 Qxd4+ 36. cxd4 dxe4 37. Nh2 e3 38. Kf1 Rf2+ 39. Kg1 Rd2 40. Nxg4 Rd1+ 41. Kh2 hxg4 0-1

[Event "Late-Titled-Tuesday-Blitz-February-20-2024"]
[Site "Chess.com"]
[Date "2024.02.20"]
[Round "6"]
[White "dropstoneDP"]
[Black "Kosak12"]
[Result "1-0"]
[WhiteElo "3011"]
[BlackElo "2813"]
[TimeControl "180+1"]
[EndTime "15:04:52 PST"]
[Termination "dropstoneDP won by resignation"]

1. e4 c6 2. d4 d5 3. Nd2 dxe4 4. Nxe4 Bf5 5. Ng3 Bg6 6. Nf3 e6 7. Bd3 Bxd3 8. Qxd3 Nf6 9. O-O Nbd7 10. c4 Be7 11.
Qe2 O-O 12. Rd1 Qc7 13. Bd2 Rfd8 14. Rac1 Bd6 15. Bg5 Re8 16. Bxf6 Nxf6 17. Ne4 Nxe4 18. Qxe4 h6 19. g3 Rad8 20. Kg2 Bf8 21. Rd3 c5 22. Rcd1 cxd4 23. Rxd4 Rxd4 24. Qxd4 a6 25. Qd7 Rc8 26.
Qxc7 Rxc7 27. b3 Be7 28. a4 Kf8 29. h4 h5 30. Kf1 Ke8 31. Ke2 Bc5 32. Ne5 Ke7 33.
Nd3 Bd6 34. Rc1 b6 35. a5 Bc5 36. b4 Bd4 37. axb6 Bxb6 38. c5 Ba7 39. Ra1 f6 40. Rxa6 e5 41. Nb2 Rb7 42. Nc4 Kd8 43. Na5 1-0